 Dungeon Crawl Stone Soup version 0.29.1-2-gbd0b4ee654 (webtiles) character file.

Game seed: 8247836267777693429

65 Anriel the Trooper (level 4, -4/41 HPs)
             Began as a Hill Orc Abyssal Knight on Nov 3, 2022.
             Was a Priest of Lugonu.
             Killed by divine providence
             ... invoked by an orc priest
              (9 damage)
             ... on level 3 of the Dungeon.
             The game lasted 00:10:39 (2282 turns).

Anriel the Trooper (Hill Orc Abyssal Knight)        Turns: 2282, Time: 00:10:40

Health: -4/41      AC:  8    Str: 17    XL:     4   Next: 14%
Magic:  4/5        EV:  5    Int: 10    God:    Lugonu [***...]
Gold:   163        SH:  7    Dex: 11    Spells: 3/3 levels left

rFire   . . .      SeeInvis .   a - +1 falchion
rCold   . . .      Faith    +   f - +1 kite shield
rNeg    . . .      Spirit   .   g - +0 chain mail
rPois   .          Reflect  .   (no helmet)
rElec   .          Harm     .   (no cloak)
rCorr   .          Rampage  .   (no gloves)
Will    .....                   (no boots)
Stlth   ..........              b - amulet of faith
HPRegen 0.13/turn               (no ring)
MPRegen 0.09/turn               (no ring)

@: no status effects
A: no striking features
a: Renounce Religion, Convert to Beogh, Depart the Abyss, Bend Space, Banish


You were on level 3 of the Dungeon.
You worshipped Lugonu.
Lugonu was most pleased with you.
You visited 1 branch of the dungeon, and saw 3 of its levels.
You visited the Abyss 1 time.

You collected 163 gold pieces.

Inventory:

Hand Weapons
 a - a +1 falchion (weapon)
 m - a +0 sling
 n - a +0 long sword
Armour
 f - a +1 kite shield (worn)
 g - a +0 chain mail (worn)
Jewellery
 b - an amulet of faith (around neck)
Scrolls
 d - a scroll of butterflies {unknown}
Potions
 h - a potion of heal wounds {unknown}
 k - a potion of might {unknown}


   Skills:
 + Level 4.8 Fighting
 + Level 3.0 Long Blades
 + Level 2.5 Armour
 + Level 1.2 Dodging
 + Level 0.2 Shields
 + Level 2.5 Invocations


You had 3 spell levels left.
You didn't know any spells.
Your spell library contained the following spells:

 Spells                   Type           Power      Damage    Failure   Level
 Magic Dart               Conj           0%         1d3       100%        1
 Searing Ray              Conj           0%         2d4       100%        2
 Ignite Poison            Fire/Tmut/Pois 0%         N/A       100%        3
 Mephitic Cloud           Conj/Pois/Air  0%         N/A       100%        3
 Fulminant Prism          Conj/Hex       0%         3d6       100%        4
 Freezing Cloud           Conj/Ice/Air   0%         6-21      100%        5


Dungeon Overview and Level Annotations

Branches:
Dungeon (3/15)

Altars:


Message History

The orc priest is severely wounded.
The orc hits you but does no damage. You block the orc priest's attack.
The orc hits you with a +0 war axe.
The orc priest hits you but does no damage.
You closely miss the orc priest.
The orc priest shouts, "Surrender to Beogh and we'll let you live!"
The orc priest is severely wounded.
The orc priest threatens, "By the altar or by the axe, you will meet Beogh!"
The orc barely misses you.
The orc priest mumbles some strange prayers to Beogh against you.
Beogh smites you!
You closely miss the orc priest.
The orc priest is severely wounded.
The orc hits you with a +0 war axe.
The orc priest threatens, "By the altar or by the axe, you will meet Beogh!"
The orc priest hits you but does no damage.
You hit the orc priest.
The orc priest is almost dead.
You block the orc's attack.
The orc priest invokes the aid of Beogh against you.
Pain shoots through your body!
* * * LOW HITPOINT WARNING * * *
The orc hits you but does no damage.
The orc priest hits you but does no damage.
Okay, then.
You aren't in the Abyss!
Okay, then.
Okay, then.
You feel better.
The orc priest hits you but does no damage.
The orc hits you with a +0 war axe.
* * * LOW HITPOINT WARNING * * *
You feel better. You block the orc's attack.
The orc priest hits you with a +0 dagger.
* * * LOW HITPOINT WARNING * * *
Space bends violently around you!
You blink.
There is a stone staircase leading up here.
The orc priest calls down the wrath of Beogh upon you.
Beogh smites you!
You die...

.. ♣P....... .P
♣P....... .P♣♣♣P.......
.PP.....<....
.............##########
.P...... ............#
..♣ ♣P.######.........#
†.♣ ♣........§........#
..♣♣♣P..#####[oo@.....#
oP.Po...#.............#
.......)#.#####.#'#####
........# #...#.#.#
........# #.#.#.#.#
........#.#.#.#.#.#
........#.#.#.#.#÷#
........#.#.#.#.#.#
........#.#.#.#.#.#


You could see an orc priest and an orc.

Vanquished Creatures
  2 adders
  2 dart slugs (D:1)
  2 orcs (D:2)
  4 endoplasms
  5 goblins
  6 hobgoblins (D:1)
  2 kobolds
  3 quokkas
  2 ball pythons
  6 bats
  2 frilled lizards
  A rat (D:3)
37 creatures vanquished.

Vanquished Creatures (others)
  13 plants (D:3)
13 creatures vanquished.

Grand Total: 50 creatures vanquished

Notes
Turn   | Place    | Note
-------+----------+-------------------------------------------
     0 | Abyss:1  | Anriel the Hill Orc Abyssal Knight began the quest for the
                  | Orb.
     0 | Abyss:1  | Reached XP level 1. HP: 19/19 MP: 2/2
     1 | D:1      | Escaped the Abyss
    76 | D:1      | Reached skill level 4 in Fighting
   267 | D:1      | Reached XP level 2. HP: 20/27 MP: 3/3
   332 | D:1      | Found a faded altar of an unknown god.
   569 | D:1      | Reached XP level 3. HP: 34/34 MP: 4/4
   725 | D:2      | Reached skill level 1 in Dodging
  2027 | D:3      | Reached XP level 4. HP: 39/41 MP: 5/5
  2057 | D:2      | Reached *** piety under Lugonu
  2277 | D:3      | HP: 1/41 [orc priest/nerve-wracking pain (14)]
  2282 | D:3      | Killed from afar by an orc priest

Illustrated notes

Levels and vault maps discovered:
D:1:      scummos_arrival_gate, layout_rooms, hellmonk_ecumenical_altar_zigzags,
          minmay_misc_feat_hallway
D:2:      layout_basic, kennysheep_cross_room
D:3:      layout_basic, kennysheep_boxes

Skill      XL: |  1  2  3 |
---------------+----------+-----
Fighting       | 4 |  4.8
Dodging        | 1 |  1.2
Long Blades    | 3 |  3.0
Armour         | |  2.5
Shields        | |  0.2
Invocations    | |  2.5

Action                   |  1- 3 |  4- 6 || total
-------------------------+-------+-------++-------
Melee: Falchion          |   112 |    15 ||   127
       Punch             |     1 |       ||     1
Invok: Bend Space        |       |     3 ||     3
  Use: Scroll            |     6 |       ||     6
       Potion            |       |     2 ||     2
Armor: Leather armour    |    25 |       ||    25
       Scale mail        |     6 |     2 ||     8
       Ring mail         |     6 |       ||     6
       Chain mail        |       |    14 ||    14
Dodge: Dodged            |    40 |     1 ||    41
Block: Kite shield       |    26 |     6 ||    32
